 Dungeon Crawl Stone Soup version 0.29.0-10-g45618ea6d2 (webtiles) character file.

Game seed: 9121356981729001956

105 gelatine the Sneak (level 4, 0/37 HPs)
             Began as a Demonspawn Delver on Sept 1, 2022.
             Splashed by a jelly's acid (8 damage)
             ... on level 4 of the Dungeon.
             The game lasted 00:06:14 (3626 turns).

gelatine the Sneak (Demonspawn Delver)              Turns: 3626, Time: 00:06:16

Health: 0/37       AC: -3    Str: 12    XL:     4   Next: 54%
Magic:  4/4        EV: 16    Int: 11    God:
Gold:   171        SH:  0    Dex: 17    Spells: 3/3 levels left

rFire   + . .      SeeInvis +   a - +0 falchion
rCold   . . .      Faith    .   (no shield)
rNeg    . . .      Spirit   .   r - +2 leather armour {rF+}
rPois   .          Reflect  .   (no helmet)
rElec   .          Harm     .   h - +0 cloak
rCorr   .          Rampage  .   (no gloves)
Will    .....                   (no boots)
Stlth   +++.......              i - amulet of the acrobat
HPRegen 0.12/turn               n - +4 ring of evasion
MPRegen 0.09/turn               t - ring of see invisible

@: corroded
A: yellow scales 1, demonic guardian 1
a: no special abilities


You were on level 4 of the Dungeon.
You visited 1 branch of the dungeon, and saw 5 of its levels.

You collected 171 gold pieces.

Inventory:

Hand Weapons
 a - a +0 falchion (weapon)
 q - a +1 dagger of protection
Missiles
 x - 2 datura-tipped darts (quivered)
Armour
 h - a +0 cloak (worn)
 p - a +0 ring mail
 r - a +2 leather armour of fire resistance (worn)
Jewellery
 i - an amulet of the acrobat (around neck)
 n - a +4 ring of evasion (left hand)
 t - a ring of see invisible (right hand)
 v - an amulet of regeneration
Wands
 g - a wand of digging (3)
Scrolls
 c - a scroll of fog
 d - 3 scrolls of magic mapping
 e - a scroll of fear
 j - a scroll of enchant weapon {unknown}
 k - a scroll of vulnerability {unknown}
 l - 3 scrolls of identify {unknown}
 u - a scroll of poison {unknown}
 w - a scroll of blinking {unknown}
 y - a scroll of immolation {unknown}
Potions
 b - 2 potions of invisibility {unknown}
 f - a potion of haste
 m - a potion of brilliance {unknown}
 o - 2 potions of curing {unknown}
 s - a potion of flight {unknown}
 z - a potion of experience {unknown}


   Skills:
 + Level 3.7 Fighting
 + Level 2.5 Long Blades
 + Level 1.1 Armour
 + Level 2.1 Dodging
 + Level 5.1 Stealth


You had 3 spell levels left.
You didn't know any spells.
Your spell library contained the following spells:

 Spells                   Type           Power      Damage    Failure   Level
 Animate Dead             Necr           0%         N/A       99%         4
 Borgnjor's Vile Clutch   Necr/Erth      0%         N/A       100%        5
 Death Channel            Necr           0%         N/A       100%        6


Dungeon Overview and Level Annotations

Branches:
Dungeon (5/15)
 Temple: D:4-7

Altars:


Innate Abilities, Weirdness & Mutations

You are partially covered in yellow scales. (AC +2)
A weak demonic guardian rushes to your aid.


Message History

There is a stone staircase leading down here.
You climb downwards.
There is a stone staircase leading up here.
A hobgoblin comes into view.
The helpless hobgoblin fails to defend itself.
You slash the hobgoblin!
You kill the hobgoblin!
You see here a hobgoblin corpse.
A jelly comes into view.
Found a stone staircase leading down.
The jelly quivers.
You hit the jelly. The acid corrodes you!
Your hands burn!
The jelly is lightly wounded.
The jelly misses you. The jelly barely misses you.
You hit the jelly.
Your hands burn!
The jelly is moderately wounded.
The jelly closely misses you.
You hit the jelly but do no damage. The acid corrodes you!
Your hands burn!
The jelly is moderately wounded.
The jelly closely misses you.
You hit the jelly but do no damage.
Your hands burn!
The jelly is moderately wounded.
The jelly closely misses you.
You hit the jelly.
Your hands burn!
The jelly is heavily wounded.
The jelly barely misses you.
You hit the jelly. The acid corrodes you!
Your hands burn!
The jelly is severely wounded.
The jelly closely misses you. The jelly hits you.
You are splashed with acid!
You hit the jelly but do no damage.
Your hands burn!
* * * LOW HITPOINT WARNING * * *
The jelly is severely wounded.
The jelly misses you.
You hit the jelly.
Your hands burn!
* * * LOW HITPOINT WARNING * * *
The jelly is almost dead.
The jelly hits you.
* * * LOW HITPOINT WARNING * * *
You are splashed with acid!
You die...

......#........#
.........#.....#
......#..#.....#
.........#.#.#.#
........##.#.#.#
######
##########.#.#.#
.....# #.#.#.#
.....#
#.#.#.##.....#
#..@J....#
#............
#....###########
#>... #.## #


You could see a jelly.

Vanquished Creatures
  A gnoll (D:1)
  2 adders
  3 worms (D:2)
  2 dart slugs
  An orc (D:3)
  4 ball pythons
  6 bats
  2 endoplasms
  2 giant cockroaches
  6 goblins
  5 hobgoblins
  3 jackals (D:1)
  5 kobolds
  2 quokkas (D:1)
  7 frilled lizards
  5 rats
  A spectral kobold (D:1)
57 creatures vanquished.

Vanquished Creatures (collateral kills)
  An ufetubus (D:3)
1 creature vanquished.

Grand Total: 58 creatures vanquished

Notes
Turn   | Place    | Note
-------+----------+-------------------------------------------
     0 | D:5      | gelatine the Demonspawn Delver began the quest for the Orb.
     0 | D:5      | Reached XP level 1. HP: 18/18 MP: 1/1
    98 | D:3      | Gained mutation: You are partially covered in yellow
                  | scales. (AC +2) [demonic ancestry]
    98 | D:3      | Reached XP level 2. HP: 5/24 MP: 2/2
   945 | D:2      | Gained mutation: A weak demonic guardian rushes to your
                  | aid. [demonic ancestry]
   945 | D:2      | Reached XP level 3. HP: 2/29 MP: 3/3
  1606 | D:2      | Reached skill level 5 in Stealth
  2323 | D:1      | Found a faded altar of an unknown god.
  2342 | D:1      | Reached XP level 4. HP: 36/36 MP: 4/4
  3010 | D:3      | Reached skill level 1 in Armour
  3626 | D:4      | Splashed by a jelly's acid

Illustrated notes

Levels and vault maps discovered:
D:1:      amcnicky_arrival_abandoned_market, layout_loops_ring,
          dreamdust_ecumenical_altar_drowned_temple
D:2:      layout_basic
D:3:      layout_loops_ring, moated_statue
D:4:      layout_basic, minmay_temple_entry_overgrown, serial_shops, shop
D:5:      layout_rooms, lightli_temple_of_fire, serial_shops,
          nicolae_shop_advertising_works [nicolae_subvault_shop_adworks],
          uniq_grinder, uniq_menkaure, uniq_edmund

Skill      XL: |  1  2  3  4 |
---------------+-------------+-----
Long Blades    | 2 |  2.5
Dodging        | 2 |  2.1
Stealth        | 5 |  5.1
Armour         | 1 |  1.1
Fighting       | |  3.7

Action                   |  1- 3 |  4- 6 || total
-------------------------+-------+-------++-------
Melee: Falchion          |   139 |    51 ||   190
       Punch             |     2 |     1 ||     3
 Stab: Sleeping          |     8 |     8 ||    16
Armor: Leather armour    |    34 |    15 ||    49
       Ring mail         |     6 |       ||     6
Dodge: Dodged            |    99 |    53 ||   152
